 Dungeon Crawl Stone Soup version 0.17-a0-1793-gcbb3aa1 (webtiles) character file.

228 4thArraOfDagon the Chopper (level 5, -2/75 HPs)
             Began as a Deep Dwarf Berserker on Sept 9, 2015.
             Was a Believer of Trog.
             Slain by an orc warrior
             ... wielding a +0 hand axe
              (12 damage)
             ... on level 7 of the Dungeon.
             The game lasted 00:03:42 (555 turns).

4thArraOfDagon the Chopper (Deep Dwarf Berserker)    Turns: 555, Time: 00:03:42

Health: -2/75      AC:  2    Str: 26    XL:     5   Next: 70%
Magic:  5/5        EV: 12    Int:  8    God:    Trog [**....]
Gold:   46         SH:  0    Dex: 12    Spells: 0 memorised, 4 levels left

rFire  . . .     SeeInvis .     a - +0 hand axe
rCold  . . .     Clarity  .     b - +0 animal skin
rNeg   . . .     SustAt   .     (no shield)
rPois  .         Gourm    .     (no helmet)
rElec  .         Spirit   .     (no cloak)
rCorr  .         Warding  .     (no gloves)
rMut   .         Stasis   .     (no boots)
MR     ++...                    (no amulet)
Stlth  ..........               (no ring)
                                (no ring)

@: berserking, non-regenerating, very quick, very resistant to hostile
enchantments, extremely unstealthy
A: damage resistance, recharge devices, sense surroundings 1, slow healing 3
a: Device Recharging, Burn Spellbooks, Berserk, Trog's Hand, Renounce Religion


You were on level 7 of the Dungeon.
You worshipped Trog.
Trog was pleased with you.
You were not hungry.

You visited 1 branch of the dungeon, and saw 5 of its levels.

You collected 46 gold pieces.

Inventory:

Hand weapons
 a - a +0 hand axe (weapon)
Missiles
 g - 4 curare-tipped needles
Armour
 b - a +0 animal skin (worn)
Magical devices
 c - a wand of heal wounds (3)
Scrolls
 e - 5 scrolls of teleportation {unknown}
 f - 2 scrolls of identify {unknown}
 h - a scroll of enchant armour {unknown}
 i - a scroll of recharging {unknown}
 k - a scroll of random uselessness {unknown}
 m - 2 scrolls of remove curse {unknown}
Books
 n - a book of Party Tricks

   Spells                             Type                      Level
   a - Summon Butterflies             Summoning                    1
   b - Apportation                    Translocation                1
   c - Tukima's Dance                 Hexes                        3
   d - Alistair's Intoxication        Transmutation/Poison         4
   e - Invisibility                   Hexes                        6
   Trog disapproves of the use of such an item.
Comestibles
 d - 3 bread rations
 j - a meat ration
 l - 8 chunks of flesh


   Skills:
 + Level 3.8 Fighting
 * Level 5.4 Axes
 + Level 3.7 Armour
 - Level 2.1 Dodging


You had 4 spell levels left.
You didn't know any spells.

Dungeon Overview and Level Annotations

Branches:
Dungeon (7/15)
 Temple: D:4-7

Altars:


Innate Abilities, Weirdness & Mutations

You are resistant to damage.
You can recharge devices by infusing magical energy.
You passively map a small area around you.
You do not heal naturally.


Message History

The orc priest calls down the wrath of Beogh upon you.
Something smites you!
* * * LOW HITPOINT WARNING * * *
You hit the orc warrior.
The orc warrior is heavily wounded.
You slash the orc priest!
You kill the orc priest!
Trog accepts your kill. The orc warrior completely misses you.
Unknown command.
Unknown command.
Unknown command.
You hit the orc warrior.
The orc warrior is heavily wounded.
Unknown command.
Unknown command.
You slash the orc warrior!
The orc warrior is almost dead.
The orc warrior hits you with a hand axe!
You die...

, , #.....#
#.........$#
#.....#
#..........#
#.....#
#.....%....#
#.....#
#..........#
#.....#
#..........#
#..<..#
#..........#
#..)..#
#....))o...#
#..)).#
#.....@)...#
#...###
#######.####
#.#.# #...###
#.#.#
#.>...###.#.#
##.##...#.#.#
#.####.#.#.#
#.# ##...#.#
#.# #...##.#
#.# #...# *


You could see an orc warrior.

Vanquished Creatures
  A giant frog (D:7)
  2 orc priests (D:7)
  A worker ant (D:3)
  An orc wizard (D:7)
  2 worker ant zombies (D:3)
  An adder (D:3)
  3 giant geckos
  5 orcs (D:7)
  A bat (D:1)
  2 hobgoblins
  A quokka (D:3)
  2 ball pythons
  A giant cockroach (D:1)
  4 kobolds
  A quokka skeleton (D:3)
  3 rats
31 creatures vanquished.

Vanquished Creatures (others)
  A bat (D:2)
  A kobold (D:2)
2 creatures vanquished.

Grand Total: 33 creatures vanquished

Notes
Turn   | Place    | Note
--------------------------------------------------------------
     0 | D:1      | 4thArraOfDagon the Deep Dwarf Berserker began the quest for the Orb.
     0 | D:1      | Reached XP level 1. HP: 20/20 MP: 1/1
   173 | D:2      | Reached XP level 2. HP: 24/27 MP: 2/2
   340 | D:3      | Reached skill level 4 in Axes
   340 | D:3      | Reached XP level 3. HP: 18/34 MP: 3/3
   446 | D:3      | Reached XP level 4. HP: 11/42 MP: 4/4
   451 | D:3      | You fall through a shaft for 3 floors!
   496 | D:7      | Acquired Trog's second power
   496 | D:7      | Reached skill level 5 in Axes
   496 | D:7      | Reached XP level 5. HP: 42/49 MP: 5/5
   544 | D:7      | Noticed an orc warrior
   545 | D:7      | Noticed a giant frog
   552 | D:7      | Killed a giant frog
   555 | D:7      | Slain by an orc warrior

Vault maps used:
D:1:      dpeg_cavernosity, minivault_14
D:2:      fiery_altar_vehumet
D:3:      fedhas_altar_2, first_bread, serial_undead, serial_undead_c,
          serial_undead_d, serial_undead_f, serial_undead_b, cheibriados_altar_1
D:6:      minmay_joined_circles
D:7:      nicolae_overflow_crystal_walls, minmay_temple_entry_poolview,
          yredelemnul_altar_generic

Action                   |  1- 3 |  4- 6 || total
-------------------------+-------+-------++-------
Melee: Hand axe          |    63 |    15 ||    78
Invok: Berserk           |     5 |     2 ||     7
       Trog's Hand       |       |     1 ||     1
Evoke: Wand              |       |     2 ||     2
  Use: Scroll            |     1 |       ||     1
       Potion            |     4 |     1 ||     5
  Eat: Chunk             |     1 |     3 ||     4
       Pizza             |     1 |       ||     1
